 Dungeon Crawl Stone Soup version 0.24.0-41-g2ae2f7f1be (webtiles) character file.

Game seed: 14642228249681966206, levelgen mode: deterministic

1738 ReteAZ the Grappler (level 8, -13/70 HPs)
             Began as a Troll Hunter on Dec 11, 2019.
             Was a Believer of Cheibriados.
             Mangled by a death yak (24 damage)
             ... on level 8 of the Dungeon.
             The game lasted 00:13:04 (5631 turns).

ReteAZ the Grappler (Troll Hunter)                  Turns: 5631, Time: 00:13:04

Health: -13/70     AC:  7    Str: 29    XL:     8   Next: 77%
Magic:  7/7        EV: 11    Int: 13    God:    Cheibriados [**....]
Gold:   390        SH:  0    Dex: 16    Spells: 7/7 levels left

rFire    . . .     SeeInvis .     - Unarmed
rCold    . . .     Gourm    +   (no shield)
rNeg     + . .     Faith    .   b - +0 robe
rPois    .         Spirit   .   (helmet restricted)
rElec    .         Reflect  .   x - +0 cloak
rCorr    .         Harm     .   (gloves unavailable)
MR       .....                  (boots unavailable)
Stlth    +.........             (no amulet)
HPRegen  0.61/turn              w - ring of positive energy
MPRegen  0.10/turn              (no ring)

@: confused, very slow
A: large, unfitting armour, claws 3, fast metabolism 3, gourmand, regeneration
1, shaggy fur 1, tough skin 3
a: Bend Time, Renounce Religion


You were on level 8 of the Dungeon.
You worshipped Cheibriados.
Cheibriados was pleased with you.
You were very full.

You visited 1 branch of the dungeon, and saw 8 of its levels.

You collected 390 gold pieces.

Inventory:

Hand Weapons
 a - a +0 short sword
Missiles
 c - 4 large rocks
 d - 4 throwing nets
 u - 5 boomerangs (quivered)
Armour
 b - a +0 robe (worn)
 x - a +0 cloak (worn)
Jewellery
 v - an uncursed ring of protection from cold {unknown}
 w - a ring of positive energy (left claw)
 y - a cursed ring of teleportation {unknown}
Wands
 k - a wand of acid (7)
Scrolls
 e - 4 scrolls of identify
 g - 4 scrolls of amnesia {unknown}
 h - 9 scrolls of teleportation {unknown}
 i - 2 scrolls of immolation {unknown}
 l - 5 scrolls of fog {unknown}
 n - 2 scrolls of blinking {unknown}
 o - 2 scrolls of remove curse {unknown}
 s - a scroll of random uselessness {unknown}
 t - 2 scrolls of enchant armour {unknown}
Potions
 j - 2 potions of lignification
 m - a potion of resistance
 p - 6 potions of curing
 r - 2 potions of brilliance {unknown}
Comestibles
 f - 16 rations


   Skills:
 - Level 1.5 Fighting
 - Level 5.0 Throwing
 + Level 2.6 Dodging
 - Level 1.0 Stealth
 * Level 10.0 Unarmed Combat


You had 7 spell levels left.
You didn't know any spells.
Your spell library contained the following spells:

 Spells                   Type           Power        Failure   Level  Hunger
 Confusing Touch          Hex            #.....       30%         1    ##.....
 Confuse                  Hex            #.......     67%         3    ####...
 Gell's Gravitas          Tloc           #.........   67%         3    ####...
 Petrify                  Tmut/Erth      #.......     97%         4    #####..
 Metabolic Englaciation   Hex/Ice        #.........   100%        5    ######.
 Yara's Violent Unravell  Hex/Tmut       #.........   100%        5    ######.


Dungeon Overview and Level Annotations

Branches:
Dungeon (8/15)             Temple (0/1) D:5            Lair (0/6) D:8

Altars:
Cheibriados
Dithmenos
Gozag
Hepliaklqana
Ru
Uskayaw
Xom
Zin
The Shining One

Shops:
D:5 =   D:6 :


Innate Abilities, Weirdness & Mutations

You are too large for most types of armour.
You have claws for hands.
Your metabolism is lightning-fast.
You like to eat raw meat.
Your natural rate of healing is unusually fast.
You are covered in fur. (AC +1)
You have extremely tough skin. (AC +3)


Message History

The death yak bellows!
You scratch the death yak.
The death yak is lightly wounded.
The death yak gores you!
You barely miss the death yak.
The death yak is lightly wounded.
The death yak gores you!!
You mangle the death yak!!
The death yak is heavily wounded.
The death yak gores you!
* * * LOW HITPOINT WARNING * * *
You are confused.
You feel invigorated. The death yak gores you!!
* * * LOW HITPOINT WARNING * * *
You're too confused!
You're too confused!
You bump into the rock wall.
An adder comes into view.
The death yak gores you!!
You die...

#........ #S# .# #
#.###.##. #
#........ #
#.##..... #
#Y##.#### # #Y##.#
# #Y##(# ######
#@##.########.....
#.##.)......#.####
#.......r.....# #
###########.### #
#.# # #.# #
#.###### #.......
########


You could see 3 death yaks and an adder (wandering).

Vanquished Creatures
  A black bear (D:8)
  An orc warrior (D:6)
  3 ogres
  3 centaurs
  2 bullfrogs (D:7)
  A scorpion (D:7)
  A killer bee (D:8)
  A howler monkey (D:5)
  A bullfrog skeleton (D:6)
  2 centaur zombies (D:5)
  2 orc priests (D:6)
  A jelly (D:5)
  A centaur skeleton (D:6)
  A hound (D:4)
  An iguana (D:6)
  An iron imp (D:6)
  Terence (D:2)
  Natasha (thrice) (D:2)
  5 worker ants
  A hound skeleton (D:6)
  10 gnolls
  5 adders
  2 shadow imps
  3 oozes
  4 worms
  A dart slug (D:2)
  5 leopard geckos
  8 orcs
  7 giant cockroaches
  7 goblins
  9 hobgoblins
  A quokka (D:7)
  A ball python (D:1)
  6 bats
  11 frilled lizards
  8 kobolds
  A leopard gecko zombie (D:5)
  A quokka skeleton (D:4)
  8 rats
131 creatures vanquished.

Vanquished Creatures (others)
  A quokka (D:6)
1 creature vanquished.

Grand Total: 132 creatures vanquished

Notes
Turn   | Place    | Note
-------+----------+-------------------------------------------
     0 | D:1      | ReteAZ the Troll Hunter began the quest for the Orb.
     0 | D:1      | Reached XP level 1. HP: 19/19 MP: 0/0
   198 | D:1      | Reached XP level 2. HP: 23/27 MP: 1/1
   534 | D:2      | Reached skill level 1 in Unarmed Combat
   723 | D:2      | Reached XP level 3. HP: 32/33 MP: 2/2
   762 | D:2      | Noticed Natasha
   775 | D:2      | Killed Natasha
   775 | D:2      | Reached skill level 2 in Unarmed Combat
   799 | D:2      | Noticed Natasha
   817 | D:2      | Noticed Terence
   823 | D:2      | Killed Terence
   823 | D:2      | Reached XP level 4. HP: 30/41 MP: 3/3
   921 | D:2      | Killed Natasha
   924 | D:2      | Noticed Natasha
   935 | D:2      | Killed Natasha
   935 | D:2      | Reached skill level 3 in Unarmed Combat
   935 | D:2      | Reached XP level 5. HP: 29/48 MP: 4/4
  1359 | D:3      | Reached skill level 4 in Unarmed Combat
  1365 | D:3      | Found a glowing golden altar of the Shining One.
  1513 | D:3      | Found a hazy altar of Hepliaklqana.
  1513 | D:3      | Found a snail-covered altar of Cheibriados.
  1513 | D:3      | Found a glowing silver altar of Zin.
  1534 | D:3      | Found a shimmering altar of Xom.
  1538 | D:3      | Became a worshipper of Cheibriados the Contemplative
  2045 | D:2      | Found a hide-covered altar of Uskayaw.
  2045 | D:2      | Found a sacrificial altar of Ru.
  2046 | D:2      | Found a shadowy altar of Dithmenos.
  2084 | D:2      | Reached XP level 6. HP: 21/55 MP: 5/5
  2537 | D:4      | Reached skill level 5 in Unarmed Combat
  2550 | D:4      | Reached * piety under Cheibriados
  2842 | D:5      | Entered Level 5 of the Dungeon
  2919 | D:5      | Reached skill level 6 in Unarmed Combat
  2919 | D:5      | Reached XP level 7. HP: 23/62 MP: 6/6
  3100 | D:5      | Found Jitaceiw's Jewellery Emporium.
  3178 | D:5      | Reached skill level 7 in Unarmed Combat
  3432 | D:5      | Found a staircase to the Ecumenical Temple.
  3803 | D:6      | Reached skill level 8 in Unarmed Combat
  3803 | D:6      | Reached XP level 8. HP: 33/70 MP: 7/7
  3854 | D:6      | Reached ** piety under Cheibriados
  3988 | D:6      | Reached skill level 1 in Stealth
  3999 | D:6      | Reached skill level 9 in Unarmed Combat
  4239 | D:6      | Found Uzxogoad's Book Emporium.
  4314 | D:6      | Found a snail-covered altar of Cheibriados.
  4698 | D:7      | Reached skill level 5 in Throwing
  4762 | D:7      | Found an opulent altar of Gozag.
  5562 | D:8      | Noticed a death yak
  5572 | D:8      | Reached skill level 10 in Unarmed Combat
  5615 | D:8      | Found a staircase to the Lair.
  5616 | D:8      | Noticed a death yak
  5616 | D:8      | Noticed a death yak
  5631 | D:8      | Mangled by a death yak

Levels and vault maps discovered:
D:1:      evilmike_arrival_hilbert_curve, layout_rooms, serial_bayou_pond_d
D:2:      layout_basic, gammafunk_temple_overflow_forgotten,
          chequers_serial_rivers_small_a, uniq_terence, uniq_natasha
D:3:      layout_loops_ring, overflow_temple_1_default,
          nicolae_overflow_quartered_altars, first_ration
D:4:      layout_basic
D:5:      layout_gridville, temple_fountains, serial_shops, shop,
          minmay_misc_feat_tiny
D:6:      layout_rooms, serial_shops, kennysheep_mini, chei_slow_surprise
D:7:      layout_layer_cave, grunt_gozag_breadcrumbs
D:8:      layout_loops_ring, grunt_temple_overflow_growth_and_decay,
          dpeg_lair_monsters, gammafunk_ghost_spectres

Skill      XL: |  1  2  3  4  5  6  7  8 |
---------------+-------------------------+-----
Throwing       | 4 5 |  5.0
Unarmed Combat | 1 2 3 4 6 8 10 | 10.0
Stealth        | 1 |  1.0
Dodging        | 2 |  2.6
Fighting       | |  1.5

Action                   |  1- 3 |  4- 6 |  7- 9 || total
-------------------------+-------+-------+-------++-------
Melee: Unarmed           |    99 |   188 |   132 ||   419
       Short sword       |    11 |       |       ||    11
       Punch             |       |     2 |     6 ||     8
Throw: Large rock        |     1 |       |       ||     1
       Throwing net      |       |     1 |       ||     1
       Boomerang         |       |       |     1 ||     1
  Use: Potion            |       |     3 |     2 ||     5
       Scroll            |       |     4 |       ||     4
 Stab: Sleeping          |       |     1 |     1 ||     2
  Eat: Chunk             |    13 |    17 |    17 ||    47
Armor: Robe              |    38 |    45 |    38 ||   121
Dodge: Dodged            |    65 |    87 |    56 ||   208
